 Dungeon Crawl Stone Soup version 0.21.1-1-g345015f (webtiles) character file.

109 shakethe the Ducker (level 4, 0/28 HPs)
             Began as an Octopode Transmuter on Feb 8, 2018.
             Slain by a jelly (2 damage)
             ... on level 2 of the Dungeon.
             The game lasted 00:08:01 (2539 turns).

shakethe the Ducker (Octopode Transmuter)           Turns: 2539, Time: 00:08:02

Health: 0/28       AC: -2    Str:  9    XL:     4   Next: 90%
Magic:  0/7        EV: 23    Int: 15    God:
Gold:   137        SH:  0    Dex: 18    Spells: 3/7 levels left

rFire    + . .     SeeInvis .     - Unarmed
rCold    . . .     Gourm    .   (shield currently unavailable)
rNeg     . . .     Faith    .   (helmet currently unavailable)
rPois    x         Spirit   .   (no amulet)
rElec    .         Reflect  .   k - ring of protection from cold
rCorr    .         Harm     .   m - ring of flight
MR       .....                  p - ring of fire
Stlth    ++........             (no ring)
HPRegen  0.09/turn              (no ring)
MPRegen  0.10/turn              (no ring)
                                (no ring)
                                (no ring)

@: spider-form (expiring), corroded, very slightly contaminated
A: tiny, almost no armour, stealthy swim, (amphibious), 8 rings, (constrict 8)
a: End Transformation, Evoke Flight


You were on level 2 of the Dungeon.
You were hungry.
You were a venomous arachnid creature.
You visited 1 branch of the dungeon, and saw 2 of its levels.

You collected 137 gold pieces.

Inventory:

Missiles
 a - 26 arrows
Jewellery
 k - a ring of protection from cold (left front leg)
 m - a ring of flight (right front leg)
 p - a ring of fire (on tentacle)
Scrolls
 d - a scroll of noise {unknown}
 e - 2 scrolls of amnesia {unknown}
 f - 4 scrolls of identify {unknown}
 j - a scroll of teleportation {unknown}
 l - 2 scrolls of remove curse {unknown}
Potions
 g - 2 potions of curing {unknown}
 h - a potion of might {unknown}
 i - 2 potions of heal wounds {unknown}
 n - a potion of cancellation {unknown}
 q - a potion of degeneration {unknown}
Books
 b - a book of Changes

   Spells                             Type                      Level
   a - Beastly Appendage              Transmutation                1
   b - Sticks to Snakes               Transmutation                2
   c - Spider Form                    Transmutation/Poison         3
   d - Ice Form                       Ice/Transmutation            4
   e - Blade Hands                    Transmutation                5
Comestibles
 c - 5 rations
 o - 4 chunks of flesh


   Skills:
 - Level 1.0 Fighting
 + Level 4.7 Dodging
 - Level 3.0 Unarmed Combat
 + Level 2.1 Spellcasting
 + Level 2.1 Transmutations


You had 3 spell levels left.
You knew the following spells:

 Your Spells              Type           Power        Failure   Level  Hunger
a - Beastly Appendage     Tmut           #.....       22%         1    #......
b - Spider Form           Tmut/Pois      #.........   61%         3    ###....


Dungeon Overview and Level Annotations

Branches:
Dungeon (2/15)

Altars:


Innate Abilities, Weirdness & Mutations

You cannot wear most types of armour.
You are very stealthy in the water. (Stealth+)
((You are amphibious.))
You can wear up to eight rings at the same time.
((You can use your tentacles to constrict eight enemies at once.))
((Your skin changes colour to match your surroundings (Stealth+).))
((Your rubbery body absorbs attacks. (AC +1, EV +1)))


Message History

Confirm with . or Enter, or press ? or * to list all spells.
You turn into a venomous arachnid creature.
You are feeling hungry.
You hit the jelly. The acid corrodes you!
Your front legs burn!
The jelly is lightly wounded.
The jelly hits you.
You are splashed with acid!
The acid burns!
You hit the jelly but do no damage.
The jelly is poisoned.
Your front legs burn!
The jelly is lightly wounded.
The jelly barely misses you.
You hit the jelly but do no damage.
Your front legs burn!
The jelly is moderately wounded.
Your transformation is almost over.
The jelly hits you.
You are splashed with acid!
The acid burns!
* * * LOW HITPOINT WARNING * * *
You hit the jelly.
Your front legs burn!
* * * LOW HITPOINT WARNING * * *
The jelly is heavily wounded.
The jelly hits you.
You die...

##..(..###.#...........†[..##'###
#......(##.#........######.....##
#.......##.........## #......#
#.......#######....#######.....##
#.......# ##...............##
####....# #.......####.......
#..'....# #.......# #.......
(######## ##.......# ###.....
#..)J..# ####..s.....# #.....
#######'# #....#J...### #.....
P.##.##.#.##.# #.....
..##.####.##.# #.....
..##......##.# #.....
..##..####...## #..... ..##..#
#.....# #..... ..##..###.....#
#####. #........).## #.


You could see a jelly.

Vanquished Creatures
  2 adders (D:2)
  7 oozes (D:2)
  2 worms (D:2)
  A dart slug (D:2)
  2 leopard geckos
  3 bats
  2 giant cockroaches (D:2)
  9 goblins
  3 hobgoblins
  2 jackals (D:2)
  10 kobolds
  6 frilled lizards
  4 rats
53 creatures vanquished.

Vanquished Creatures (others)
  A fungus (D:2)
  11 toadstools (D:2)
12 creatures vanquished.

Grand Total: 65 creatures vanquished

Notes
Turn   | Place    | Note
-------+----------+-------------------------------------------
     0 | D:1      | shakethe the Octopode Transmuter began the quest for the Orb.
     0 | D:1      | Reached XP level 1. HP: 13/13 MP: 3/3
   271 | D:1      | Reached XP level 2. HP: 6/18 MP: 3/5
   710 | D:1      | Reached skill level 3 in Dodging
  1271 | D:2      | Reached XP level 3. HP: 19/23 MP: 4/6
  1783 | D:2      | Reached skill level 4 in Dodging
  1848 | D:2      | Reached XP level 4. HP: 22/28 MP: 5/7
  2422 | D:2      | Learned a level 3 spell: Spider Form
  2539 | D:2      | Slain by a jelly

Skill      XL: |  1  2  3 |
---------------+----------+-----
Dodging        | 3 4 |  4.7
Fighting       | |  1.0
Unarmed Combat | |  3.0
Spellcasting   | |  2.1
Transmutations | |  2.1

Action                   |  1- 3 |  4- 6 || total
-------------------------+-------+-------++-------
Melee: Unarmed           |    68 |    57 ||   125
       Constrict         |    18 |    13 ||    31
       Kick              |    15 |    14 ||    29
       Tentacles         |     6 |    17 ||    23
       Punch             |       |     4 ||     4
 Cast: Beastly Appendage |    22 |    11 ||    33
       Spider Form       |       |     1 ||     1
 Stab: Sleeping          |     3 |     1 ||     4
  Eat: Chunk             |     2 |       ||     2
       Ration            |       |     1 ||     1
Armor: Skin              |     2 |     7 ||     9
Dodge: Dodged            |    38 |    28 ||    66
